 Dungeon Crawl Stone Soup version 0.28-a0-1435-g82390b3a13 (webtiles) character file.

Game seed: 12218520642300653616

2406 SirFunk the Thaumaturge (level 9, -2/65 HPs)
             Began as a Djinni Fire Elementalist on Jan 9, 2022.
             Was a Follower of Makhleb.
             Slain by an orc warrior (19 damage)
             ... on level 7 of the Dungeon.
             The game lasted 00:24:53 (8450 turns).

SirFunk the Thaumaturge (Djinni Fire Elementalist)  Turns: 8450, Time: 00:24:53

Health: -2/65      AC:  3    Str:  7    XL:     9   Next: 75%
Gold:   68         EV: 16    Int: 22    God:    Makhleb [*.....] SH:  0 Dex: 19

rFire   + + .      SeeInvis .   a - +0 dagger (vamp)
rCold   x x .      Faith    .   (no shield)
rNeg    . . .      Spirit   .   G - +1 robe of Supple Strength {+Inv rPois rC- Regen+}
rPois   ∞          Reflect  .   (no helmet)
rElec   .          Harm     .   (no cloak)
rCorr   .          Rampage  .   (no gloves)
Will    .....                   (boots unavailable)
Stlth   ++........              D - amulet of regeneration
HPRegen 1.80/turn               E - +4 ring of evasion
MPRegen 0.00/turn               l - +6 ring of dexterity

@: flying
A: sickness immunity, fire resistance 2, cold vulnerability 1, float, innate
caster, hp casting, extra vitality 1
a: Renounce Religion, Evoke Invisibility


You were on level 7 of the Dungeon.
You worshipped Makhleb.
Makhleb was aware of your devotion.
You visited 2 branches of the dungeon, and saw 8 of its levels.
You also visited: Ossuary.

You collected 221 gold pieces.
You spent 153 gold pieces at shops.

Inventory:

Hand Weapons
 a - a +0 vampiric dagger (weapon)
 k - a +0 spear
 w - a +0 hand crossbow
 A - a +0 battleaxe
Missiles
 x - 58 bolts
 B - 77 stones (quivered)
Armour
 G - the +1 robe of Supple Strength (worn) {+Inv rPois rC- Regen+}
   (You bought it in a shop on level 6 of the Dungeon)

   rC:        It makes you vulnerable to cold.
   rPois:     It protects you from poison.
   +Inv:      It lets you turn invisible.
   Regen:     It increases your rate of health regeneration.
Jewellery
 b - an amulet of reflection
 e - a ring of willpower
 f - a ring of fire
 l - a +6 ring of dexterity (right hand)
 D - an amulet of regeneration (around neck)
 E - a +4 ring of evasion (left hand)
Wands
 g - a wand of flame (38)
 u - a wand of digging (4)
Scrolls
 c - a scroll of amnesia
 h - 4 scrolls of identify
 r - 5 scrolls of magic mapping {unknown}
 s - 3 scrolls of teleportation
 v - a scroll of vulnerability {unknown}
 y - a scroll of fear {unknown}
 C - a scroll of torment {unknown}
Potions
 d - 2 potions of curing
 i - 3 potions of heal wounds
 j - 5 potions of mutation
 m - a potion of cancellation {unknown}
 n - a potion of flight {unknown}
 o - 4 potions of might {unknown}
 p - a potion of ambrosia {unknown}
 q - 2 potions of invisibility {unknown}
 t - 3 potions of attraction {unknown}
 z - a potion of experience {unknown}
 F - a potion of berserk rage {unknown}


   Skills:
 * Level 5.4 Fighting
 + Level 0.4 Short Blades
 + Level 0.6 Polearms
 - Level 2.1 Dodging
 - Level 1.5 Stealth
 + Level 1.1 Shields
 * Level 8.8 Spellcasting


You had 3 spell levels left.
You knew the following spells:

 Your Spells              Type           Power      Damage    Failure   Level
a - Foxfire               Conj/Fire      100%       2x1d9     1%          1
b - Scorch                Fire           96%        2d10      1%          2
c - Conjure Flame         Conj/Fire      48%        6-21      1%          3
d - Inner Flame           Hex/Fire       48%        N/A       1%          3
e - Flame Wave            Conj/Fire      48%        2d8       1%          4
f - Sandblast             Erth           96%        2d20      1%          1
g - Poisonous Vapours     Pois/Air       96%        N/A       1%          2
h - Stone Arrow           Conj/Erth      96%        3d13      1%          3
i - Teleport Other        Tloc           48%        N/A       1%          3
Your spell library was empty.

Dungeon Overview and Level Annotations

Branches:
Dungeon (7/15)             Temple (1/1) D:4         Ossuary (visited)

Altars:
Cheibriados
Dithmenos
Elyvilon
Fedhas
Gozag
Hepliaklqana
Kikubaaqudgha
Makhleb
Nemelex Xobeh
Okawaru
Qazlal
Ru
Sif Muna
Trog
Vehumet
Wu Jian
Xom
Yredelemnul
Zin
The Shining One

Shops:
D:6 ::([

Annotations:
D:4 3 runed translucent doors, Pin's ghost, amateur DgWn


Innate Abilities, Weirdness & Mutations

You are immune to sickness and miasma.
You are immune to poison.
Your flesh is very heat resistant. (rF++)
You are vulnerable to cold. (rC-)
You float through the air rather than walking.
You learn spells naturally, not from books.
Your magical power is your life essence.
You have superior vitality. (+4 MHP)


Message History

The orc warrior is moderately wounded.
Unknown command.
Casting: Foxfire (safe; 1% risk of failure)
Confirm with . or Enter, or press ? or * to list all spells.
You conjure some foxfire!
The foxfire hits the orc!
You kill the orc!
Makhleb accepts your kill.
The foxfire hits the orc warrior.
The orc warrior is moderately wounded.
The orc priest mumbles some strange prayers to Beogh against you.
Beogh smites you!
Casting: Foxfire (safe; 1% risk of failure)
Confirm with . or Enter, or press ? or * to list all spells.
You conjure some foxfire!
The foxfire hits the orc warrior.
The orc warrior is heavily wounded.
The foxfire hits the orc warrior.
The orc warrior is severely wounded.
Unknown command.
Casting: Foxfire (safe; 1% risk of failure)
Confirm with . or Enter, or press ? or * to list all spells.
You conjure some foxfire!
The foxfire hits the orc warrior but does no damage.
The orc warrior is severely wounded.
The foxfire hits the orc warrior.
The orc warrior is severely wounded.
The orc warrior hits you with a +0 battleaxe!!
* * * LOW HITPOINT WARNING * * *
Casting: Foxfire (safe; 1% risk of failure)
Confirm with . or Enter, or press ? or * to list all spells.
Aiming: Stone Arrow (safe; 1% risk of failure)
Press: ? - help, Shift-Dir - straight line, f - orc warrior
Aim: an orc warrior, wielding a +0 battleaxe and wearing a +0 plate armour (severely wounded, ally target, 76% to hit)
The stone arrow misses the orc warrior.
* * * LOW HITPOINT WARNING * * *
The foxfire hits the orc warrior but does no damage.
The orc warrior is severely wounded.
The foxfire hits the orc warrior but does no damage.
The orc warrior is severely wounded.
The orc warrior hits you with a +0 battleaxe!!
You die...

#......#
#......#
#......#
#.....)#
#...)..#
#...)..+
#..oo.#
#..@..#
#.§§..#
#######


You could see an orc warrior and an orc priest.

Vanquished Creatures
  2 water moccasins
  An ice beast (D:6)
  An orc warrior (D:6)
  2 sky beasts
  2 ogres
  A necrophage (D:6)
  A centaur (D:6)
  A bullfrog (D:5)
  2 scorpions (D:5)
  A water moccasin skeleton (D:5)
  A howler monkey (D:6)
  A centaur zombie (Ossuary)
  3 jellies
  6 orc priests
  4 hounds
  A human zombie (Ossuary)
  A bullfrog skeleton (D:6)
  5 iguanas
  10 orc wizards
  A hound skeleton (D:5)
  4 mummies
  11 gnolls
  A howler monkey skeleton (D:6)
  5 adders
  2 ufetubi
  An adder skeleton (D:4)
  A worm (D:2)
  A dart slug (D:1)
  20 orcs
  3 endoplasms
  3 giant cockroaches
  13 goblins
  3 hobgoblins
  7 jackals
  11 kobolds
  4 quokkas
  7 ball pythons
  7 bats
  7 frilled lizards
  2 goblin zombies
  4 kobold zombies
  2 orc zombies (Ossuary)
  7 rats
173 creatures vanquished.

Vanquished Creatures (others)
  459 foxfires
  2 fungi
  5 plants
466 creatures vanquished.

Grand Total: 639 creatures vanquished

Notes
Turn   | Place    | Note
-------+----------+-------------------------------------------
     0 | D:1      | SirFunk the Djinni Fire Elementalist began the quest for
                  | the Orb.
     0 | D:1      | Reached XP level 1. HP: 15/15 MP: 0/0
   281 | D:1      | Reached XP level 2. HP: 22/22 MP: 0/0
   541 | D:1      | Reached skill level 3 in Spellcasting
   552 | D:1      | Reached XP level 3. HP: 23/26 MP: 0/0
   552 | D:1      | Learned a level 1 spell: Sandblast
   633 | D:1      | Reached skill level 1 in Fighting
  1892 | D:2      | Reached XP level 4. HP: 25/32 MP: 0/0
  2141 | D:2      | Found a faded altar of an unknown god.
  3770 | D:4      | Noticed a sky beast
  3774 | D:4      | Killed a sky beast
  3775 | D:4      | Reached skill level 4 in Spellcasting
  3775 | D:4      | Reached XP level 5. HP: 32/38 MP: 0/0
  3775 | D:4      | Learned a level 2 spell: Poisonous Vapours
  3790 | D:4      | Reached XP level 6. HP: 33/43 MP: 0/0
  3963 | D:4      | Found a sand-covered staircase.
  3977 | Ossuary  | Entered an ossuary
  4262 | Ossuary  | Reached skill level 5 in Spellcasting
  4352 | Ossuary  | Reached XP level 7. HP: 31/49 MP: 0/0
  4352 | Ossuary  | Learned a level 3 spell: Stone Arrow
  4510 | D:4      | Found a staircase to the Ecumenical Temple.
  4658 | Temple   | Entered the Ecumenical Temple
  5012 | Temple   | Became a worshipper of Makhleb the Destroyer
  5087 | D:4      | Found a runed translucent gate.
  5087 | D:4      | Found a runed translucent gate.
  5087 | D:4      | Found a runed translucent gate.
  5090 | D:4      | Noticed Pin's ghost (amateur DgWn)
  5721 | D:5      | Entered Level 5 of the Dungeon
  6010 | D:5      | Reached skill level 6 in Spellcasting
  6011 | D:5      | Reached XP level 8. HP: 49/56 MP: 0/0
  6936 | D:5      | Reached skill level 7 in Spellcasting
  7413 | D:6      | Reached * piety under Makhleb
  7416 | D:6      | Reached XP level 9. HP: 55/63 MP: 0/0
  7416 | D:6      | Learned a level 3 spell: Teleport Other
  7693 | D:6      | Reached skill level 8 in Spellcasting
  7694 | D:6      | Reached skill level 1 in Shields
  7705 | D:6      | Reached skill level 5 in Fighting
  7708 | D:6      | HP: 2/65 [something/magic dart (11)]
  8003 | D:6      | Found Uveaps's Antique Weapon Boutique.
  8008 | D:6      | Found Zutygost's Book Boutique.
  8015 | D:6      | Found Muduciz's Antique Armour Boutique.
  8016 | D:6      | Found Moteuxur's Book Boutique.
  8052 | D:6      | Bought a heavy robe for 153 gold pieces
  8052 | D:6      | Identified the +1 robe of Supple Strength {+Inv rPois rC-
                  | Regen+} (You bought it in a shop on level 6 of the Dungeon)
  8450 | D:7      | Slain by an orc warrior

Illustrated notes

Levels and vault maps discovered:
D:1:      mrwooster_arrival_statue, layout_loops_ring, minmay_misc_feat_plants
D:2:      layout_basic, shapermc_ecumenical_altar_acropolis
D:3:      layout_loops_ring, minivault_23, minmay_surrounded
D:4:      layout_cave_pools, minmay_temple_entry_mist,
          gammafunk_ghost_nasty_kobolds, nicolae_ossuary_entry_giza,
          serial_bayou_lagoon_b
D:5:      layout_rooms, kennysheep_generic_room_2
D:6:      kennysheep_spiral_hall, layout_cave_pools, minmay_shop_grid_forest
D:7:      layout_basic, uniq_maggie
Temple:   mainiacjoe_temple_cubbyholes

Skill      XL: |  1  2  3  4  5  6  7  8  9 |
---------------+----------------------------+-----
Spellcasting   | 3 4 5 6 7 8 |  8.8
Fighting       | 1 2 3 4 5 |  5.4
Shields        | 1 |  1.1
Short Blades   | |  0.4
Polearms       | |  0.6
Dodging        | |  2.1
Stealth        | |  1.5

Action                   |  1- 3 |  4- 6 |  7- 9 || total
-------------------------+-------+-------+-------++-------
Melee: Spear             |     4 |     4 |       ||     8
       Dagger            |       |    14 |     9 ||    23
       Punch             |       |     1 |       ||     1
 Cast: Foxfire           |    52 |    68 |   161 ||   281
       Scorch            |     2 |    18 |    26 ||    46
       Conjure Flame     |     2 |       |     1 ||     3
       Inner Flame       |     1 |       |       ||     1
       Stone Arrow       |       |       |    31 ||    31
       Flame Wave        |       |       |     4 ||     4
  Use: Scroll            |       |     6 |     1 ||     7
       Potion            |       |       |     2 ||     2
 Stab: Sleeping          |       |     2 |       ||     2
Armor: Robe              |     2 |     5 |     5 ||    12
Dodge: Dodged            |     6 |    12 |    17 ||    35
Block: Other             |     2 |     9 |    10 ||    21
       Reflection        |       |       |     2 ||     2

Table legend: (Time is in decaauts)
 A = Elapsed time spent in this place.
 B = Non-inter-level travel time spent in this place.
 C = Inter-level travel time spent in this place.
 D = Time resting spent in this place.
 E = Time spent auto-exploring this place.
 F = Levels seen in this place.
 G = Mean time per level.
                   A        B        C        D        E       F      G
               +--------+--------+--------+--------+--------+-----+--------+
         Total |   8449 |   8220 |    229 |   2695 |   4165 |   9 |  938.8 |
       Dungeon |   7550 |   7386 |    164 |   2515 |   3596 |   7 | 1078.6 |
        Temple |    396 |    331 |     65 |      0 |    329 |   1 |  396.0 |
       Ossuary |    502 |    502 |      0 |    180 |    240 |   1 |  502.0 |
               +--------+--------+--------+--------+--------+-----+--------+

Top non-repeatable levels by time:
     D:1: 1665 daAuts
     D:5: 1365 daAuts
     D:6: 1356 daAuts
     D:2: 1121 daAuts
     D:4: 1067 daAuts
     D:3: 966 daAuts
 Ossuary: 502 daAuts
  Temple: 396 daAuts
     D:7: 7 daAuts
